 Dungeon Crawl Stone Soup version 0.30-a0-341-g682706514a (webtiles) character file.

Game seed: 4257973648615581038

18 LnG the Caller (level 2, 0/15 HPs)
             Began as a Kobold Summoner on Nov 2, 2022.
             Slain by an orc
             ... wielding a +0 war axe
              (9 damage)
             ... on level 1 of the Dungeon.
             The game lasted 00:02:35 (1099 turns).

LnG the Caller (Kobold Summoner)                    Turns: 1099, Time: 00:02:36

Health: 0/15       AC:  3    Str:  5    XL:     2   Next: 85%
Magic:  2/5        EV: 15    Int: 16    God:
Gold:   44         SH:  0    Dex: 15    Spells: 2/5 levels left

rFire   . . .      SeeInvis .    c - +0 short sword
rCold   . . .      Faith    .    (no shield)
rNeg    . . .      Spirit   .    a - +0 robe
rPois   .          Reflect  .    (no helmet)
rElec   .          Harm     .    (no cloak)
rCorr   .          Rampage  +    (no gloves)
Will    .....                    d - +0 pair of boots {rampage}
Stlth   +++.......               (no amulet)
HPRegen 0.22/turn                (no ring)
MPRegen 0.09/turn                (no ring)

@: no status effects
A: small, no large weapons, nightstalker 3
a: no special abilities


You were on level 1 of the Dungeon.
You visited 1 branch of the dungeon, and saw 2 of its levels.

You collected 44 gold pieces.

Inventory:

Hand Weapons
 c - a +0 short sword (weapon)
Armour
 a - a +0 robe (worn)
 d - a +0 pair of boots of rampaging (worn)
Scrolls
 e - a scroll of poison
Potions
 b - a potion of magic
 h - a potion of haste


   Skills:
 * Level 2.6 Dodging
 * Level 3.0 Stealth
 + Level 2.2 Spellcasting
 + Level 4.5 Summonings


You had 2 spell levels left.
You knew the following spells:

 Your Spells              Type           Power      Damage    Failure   Level
a - Summon Small Mammal   Summ           64%        N/A       3%          1
b - Call Imp              Summ           16%        N/A       4%          2

Your spell library contained the following spells:

 Spells                   Type           Power      Damage    Failure   Level
 Call Canine Familiar     Summ           16%        N/A       10%         3
 Summon Guardian Golem    Hex/Summ       9%         N/A       24%         3
 Summon Lightning Spire   Summ/Air       9%         N/A       63%         4


Dungeon Overview and Level Annotations

Branches:
Dungeon (2/15)

Altars:


Innate Abilities, Weirdness & Mutations

You are small and have problems with some larger weapons.
You are completely attuned to the shadows.


Message History

The air fills with toxic fumes!
As you read the scroll labelled CESTRU WOPNUO, it crumbles to dust.
It was a scroll of poison.
You start waiting.
Done waiting.
Blink to where?
Press: ? - help, Dir - move target
As you read the scroll labelled QESIOFUAMIR, it crumbles to dust.
It was a scroll of blinking.
As you read the scroll labelled ZOSONE MACZIA, it crumbles to dust.
The scroll dissolves into smoke.
It was a scroll of fog.
As you read the scroll labelled UPISYKKOSYU, it crumbles to dust.
It is a scroll of identify.
h - a potion of haste
There is an open door here.
There is an open door here.
There is a stone staircase leading down here.
You climb downwards.
There is a stone staircase leading up here.
There is a stone staircase leading up here.
An orc comes into view. It is wielding a +0 war axe.
The orc shouts!
You hear an angry hiss.
There is a stone staircase leading up here.
The orc closely misses you.
You climb upwards.
There is a stone staircase leading down here.
Casting: Summon Small Mammal (safe; 3% risk of failure)
Confirm with . or Enter, or press ? or * to list all spells.
A beastly little devil appears in a puff of flame.
The orc misses you.
Casting: Call Imp (safe; 4% risk of failure)
Confirm with . or Enter, or press ? or * to list all spells.
The orc closely misses you.
Your crimson imp blinks!
You closely miss the orc. The orc hits you with a +0 war axe.
You hit the orc.
The orc is severely wounded.
The orc hits you with a +0 war axe!
Ouch! That really hurt!
You die...

##...'....................##.#
#####............†.......##†#
######.######.......####.##†#
#.......### #.......###..##.#
#.........# ##########..###†#
#......##.## #######...## #.#
#########..###.......### #.'
####.#o..##############
#....r@### #§§§..... #....§.#
#§####### #......# ####§######
#...5..# #.§§§§....# #......#
#§.§§§§...# #......#
#..§..)...# ######.#
#.........# #.# #.........#
#.#####....(....#


You could see an orc (ally target), a friendly crimson imp (summoned) and a
friendly rat (summoned).

Vanquished Creatures
  A goblin (D:1)
  A hobgoblin (D:1)
  4 jackals (D:1)
  2 ball pythons (D:1)
  3 frilled lizards (D:1)
  A rat (D:1)
12 creatures vanquished.

Vanquished Creatures (collateral kills)
  A ball python (D:1)
  A goblin (D:1)
  A quokka (D:1)
  A kobold (D:1)
4 creatures vanquished.

Grand Total: 16 creatures vanquished

Notes
Turn   | Place    | Note
-------+----------+-------------------------------------------
     0 | D:1      | LnG the Kobold Summoner began the quest for the Orb.
     0 | D:1      | Reached XP level 1. HP: 10/10 MP: 3/3
   245 | D:1      | Reached XP level 2. HP: 15/15 MP: 5/5
   248 | D:1      | Learned a level 2 spell: Call Imp
  1099 | D:1      | Slain by an orc

Illustrated notes

Levels and vault maps discovered:
D:1:      dpeg_arrival_tiny_k, layout_basic, due_unseen_surprise
D:2:      layout_loops_corners, basic_altar, kennysheep_generic_room_8

Skill      XL: |  1  2 |
---------------+-------+-----
Stealth        | 3 |  3.0
Dodging        | |  2.6
Spellcasting   | |  2.2
Summonings     | |  4.5

Action                   || total
-------------------------++-------
Melee: Short sword       ||    44
 Cast: Summon Small Mamm ||    11
       Call Imp          ||     1
  Use: Scroll            ||     4
 Stab: Sleeping          ||     7
Armor: Robe              ||     2
Dodge: Dodged            ||    41

Table legend: (Time is in decaauts)
 A = Elapsed time spent in this place.
 B = Non-inter-level travel time spent in this place.
 C = Inter-level travel time spent in this place.
 D = Time resting spent in this place.
 E = Time spent auto-exploring this place.
 F = Levels seen in this place.
 G = Mean time per level.
                   A        B        C        D        E       F      G
               +--------+--------+--------+--------+--------+-----+--------+
         Total |   1098 |   1077 |     21 |    117 |    788 |   2 |  549.0 |
       Dungeon |   1098 |   1077 |     21 |    117 |    788 |   2 |  549.0 |
               +--------+--------+--------+--------+--------+-----+--------+

Top non-repeatable levels by time:
     D:1: 1088 daAuts
     D:2: 10 daAuts
